 Dungeon Crawl Stone Soup version 0.27-a0-972-gd1521fd518 (webtiles) character file.

Game seed: 10195978403802465594

6 Anon1729 the Insei (level 1, 0/17 HPs)
             Began as a Djinni Transmuter on Apr 13, 2021.
             Slain by a rat (3 damage)
             ... on level 1 of the Dungeon.
             The game lasted 00:01:05 (452 turns).

Anon1729 the Insei (Djinni Transmuter)               Turns: 452, Time: 00:01:06

Health: 0/17       AC:  2    Str:  9    XL:     1   Next: 90%
Gold:   6          EV: 12    Int: 14    God:
                   SH:  0    Dex: 13

rFire    + + .     SeeInvis .     - Unarmed
rCold    x . .     Faith    .   (no shield)
rNeg     . . .     Spirit   .   a - +0 robe
rPois    ∞         Reflect  .   (helmet currently unavailable)
rElec    .         Harm     .   (no cloak)
rCorr    .         Rampage  .   (no gloves)
Will     .....                  (boots unavailable)
Stlth    +.........             (no amulet)
HPRegen  0.05/turn              (no ring)
MPRegen  0.00/turn              (no ring)

@: appendages (expiring), flying
A: horns 2, flying, fire resistance 2, cold vulnerability 1, float, innate
caster, hp casting, extra vitality 1
a: End Transformation


You were on level 1 of the Dungeon.
You had temporarily grown beastly horns.
You visited 1 branch of the dungeon, and saw 1 of its levels.

You collected 6 gold pieces.

Inventory:

Armour
 a - a +0 robe (worn)
Scrolls
 b - a scroll of enchant weapon {unknown}


   Skills:
 + Level 1.2 Fighting
 + Level 2.3 Dodging
 + Level 3.1 Unarmed Combat
 * Level 1.9 Spellcasting


You couldn't memorise any spells.
You knew the following spells:

 Your Spells              Type           Power      Damage    Failure   Level
a - Beastly Appendage     Tmut           12%        N/A       11%         1
b - Wereblood             Tmut           6%         N/A       16%         2
c - Spider Form           Tmut/Pois      3%         N/A       32%         3
d - Ice Form              Ice/Tmut       6%         N/A       71%         4
e - Hydra Form            Tmut           3%         N/A       96%         5
Your spell library was empty.

Dungeon Overview and Level Annotations

Branches:
Dungeon (1/15)

Altars:


Innate Abilities, Weirdness & Mutations

You have temporarily grown beastly horns.
You are flying.
You are immune to poison.
Your flesh is very heat resistant. (rF++)
You are vulnerable to cold. (rC-)
You float through the air rather than walking.
You learn spells naturally, not from books.
Your magical power is your life essence.
You have superior vitality. (+4 HP)


Message History

You barely miss the rat.
A rat comes into view.
The frilled lizard misses you. The rat closely misses you.
You barely miss the rat. The frilled lizard bites you. The rat bites you.
You hit the rat but do no damage.
A kobold comes into view. It is wielding a +0 whip.
The frilled lizard bites you but does no damage.
The rat bites you.
You are too injured to fight recklessly!
You are too injured to fight recklessly!
You are too injured to fight recklessly!
You are too injured to fight recklessly!
You are too injured to fight recklessly!
You are too injured to fight recklessly!
You are too injured to fight recklessly!
You are too injured to fight recklessly!
You are too injured to fight recklessly!
You are too injured to fight recklessly!
Things that are here:
a +0 club; 3 stones; a kobold corpse Your horns disappear.
The rat twitches its whiskers.
Casting: Beastly Appendage (safe; 11% risk of failure)
Confirm with . or Enter, or press ? or * to list all spells.
You grow a pair of large bovine horns.
The frilled lizard bites you.
* * * LOW HITPOINT WARNING * * *
You barely miss the frilled lizard. You headbutt the frilled lizard.
You kill the frilled lizard!
You aren't carrying any items that you can evoke.
You closely miss the rat. The rat bites you.
* * * LOW HITPOINT WARNING * * *
You hit the rat.
The rat is heavily wounded.
The rat barely misses you.
You hit the rat.
You kill the rat!
Your transformation is almost over.
You closely miss the rat. The rat barely misses you.
You closely miss the rat. The rat bites you.
You die...

. .# .#.##...#.######.### #.#K
#..#.#..#.#........##
#.#.##?#.##.#......######..#
#..#(r#.. #.#.###..######..##
#.#)##.#.##.#.###...........#
#..r.....##.......##.###.....
##.#.########.##..##.##......
####....########.#...##.....)...
+............Kr@................
####....###.####.....####.......
##.#.# #.# #..#..# ##......
#.#.# #.####.....## ##.....
#.#.# #.##........# ##...# #.#.#
#.##.##.###.# ##+## #.#.#
#.##.##.# #.# #.# #....
..##.##.###.### #.# ###.#
####.##.......# ##.##


You could see a kobold and a rat.

Vanquished Creatures
  A bat (D:1)
  A goblin (D:1)
  A kobold (D:1)
  A ball python (D:1)
  A frilled lizard (D:1)
  A rat (D:1)
6 creatures vanquished.

Notes
Turn   | Place    | Note
-------+----------+-------------------------------------------
     0 | D:1      | Anon1729 the Djinni Transmuter began the quest for the Orb.
     0 | D:1      | Reached XP level 1. HP: 17/17 MP: 0/0
   452 | D:1      | Slain by a rat

Illustrated notes

Levels and vault maps discovered:
D:1:      zelgadis_glass_arrival_small, layout_loops_corners,
          serial_bayou_pond_c, minmay_statues_item, minmay_misc_feat_pillars,
          minmay_small_reverse_x

Action                   || total
-------------------------++-------
Melee: Unarmed           ||    30
       Headbutt          ||     5
 Cast: Beastly Appendage ||     4
Armor: Robe              ||     7
Dodge: Dodged            ||    23

Table legend: (Time is in decaauts)
 A = Elapsed time spent in this place.
 B = Non-inter-level travel time spent in this place.
 C = Inter-level travel time spent in this place.
 D = Time resting spent in this place.
 E = Time spent auto-exploring this place.
 F = Levels seen in this place.
 G = Mean time per level.
                   A        B        C        D        E       F      G
               +--------+--------+--------+--------+--------+-----+--------+
         Total |    450 |    450 |      0 |    100 |    288 |   1 |  450.0 |
       Dungeon |    450 |    450 |      0 |    100 |    288 |   1 |  450.0 |
               +--------+--------+--------+--------+--------+-----+--------+

Top non-repeatable levels by time:
     D:1: 450 daAuts
